% Time on Ice - NORTH DAKOTA HAWKS
Lines # - Real PCT - Wanted PCT - Time Play
Normal Forward
1 - 27% - 28% - 12:21
2 - 29% - 28% - 12:53
3 - 25% - 24% - 11:19
4 - 19% - 20% - 8:29
Normal Defense
1 - 37% - 35% - 16:32
2 - 32% - 35% - 14:26
3 - 25% - 18% - 11:03
4 - 7% - 12% - 3:01
PP Forward
1 - 60% - 50% - 2:04
2 - 40% - 50% - 1:23
PP Defense
1 - 46% - 50% - 1:35
2 - 54% - 50% - 1:52
PK Forward
1 - 52% - 50% - 6:02
2 - 48% - 50% - 5:29
PK Defense
1 - 46% - 50% - 5:20
2 - 54% - 50% - 6:11
PK3 Forward
1 - 0% - 50%
2 - 0% - 50%
PK3 Defense
1 - 0% - 50%
2 - 0% - 50%
44 Forward
1 - 0% - 50%
2 - 0% - 50%
44 Defense
1 - 0% - 50%
2 - 0% - 50%
Last Minute Offensive  - 0:00
Last Minute Defensive  - 0:00
Total
Forward - 60:00
Defense - 60:00
% Time on Ice - ANCHORAGE ACES
Lines # - Real PCT - Wanted PCT - Time Play
Normal Forward
1 - 30% - 33% - 13:43
2 - 29% - 33% - 13:13
3 - 23% - 24% - 10:26
4 - 17% - 10% - 7:40
Normal Defense
1 - 33% - 36% - 14:54
2 - 30% - 33% - 13:33
3 - 36% - 22% - 16:03
4 - 1% - 9% - 0:32
PP Forward
1 - 55% - 50% - 6:22
2 - 45% - 50% - 5:09
PP Defense
1 - 56% - 55% - 6:29
2 - 44% - 45% - 5:02
PK Forward
1 - 64% - 55% - 2:12
2 - 36% - 45% - 1:15
PK Defense
1 - 67% - 55% - 2:18
2 - 33% - 45% - 1:09
PK3 Forward
1 - 0% - 55%
2 - 0% - 45%
PK3 Defense
1 - 0% - 55%
2 - 0% - 45%
44 Forward
1 - 0% - 55%
2 - 0% - 45%
44 Defense
1 - 0% - 55%
2 - 0% - 45%
Last Minute Offensive  - 0:00
Last Minute Defensive  - 0:00
Total
Forward - 60:00
Defense - 60:00
Play-by-Play 1st period 0:01 of 1st period - Nick Suzuki wins face-off versus Connor McDavid in neutral zone. 0:58 of 1st period - Nick Suzuki is hit by Zachary Werenski and loses puck. 1:15 of 1st period - Shot by Nic Dowd. 1:15 of 1st period - Stopped by James Reimer without a rebound. 1:16 of 1st period - Brandon Sutter wins face-off versus Phillip Danault in ANCHORAGE ACES zone. 3:24 of 1st period - Shot by Nic Dowd. 3:24 of 1st period - Shot Misses the Net. 3:26 of 1st period - Shot by Dougie Hamilton. 3:26 of 1st period - Stopped by James Reimer with a rebound. 3:42 of 1st period - Shot by Frank Vatrano. 3:42 of 1st period - Stopped by James Reimer without a rebound. 3:43 of 1st period - Nate Thompson wins face-off versus Brandon Sutter in ANCHORAGE ACES zone. 3:52 of 1st period - Minor Penalty to Nate Thompson for Roughing. 3:53 of 1st period - Nick Suzuki wins face-off versus Phillip Danault in ANCHORAGE ACES zone. 4:23 of 1st period - Off-side. 4:24 of 1st period - Frank Vatrano wins face-off versus Phillip Danault in neutral zone. 5:03 of 1st period - Phillip Danault is hit by Zack Kassian and loses puck. 5:21 of 1st period - Icing by Nick Suzuki. 5:22 of 1st period - Artturi Lehkonen wins face-off versus Nick Suzuki in NORTH DAKOTA HAWKS zone. 5:28 of 1st period - Icing by Quinton Hughes. 5:29 of 1st period - Artturi Lehkonen wins face-off versus Luke Kunin in NORTH DAKOTA HAWKS zone. 5:32 of 1st period - Shot by Cal Clutterbuck. 5:32 of 1st period - Shot Blocked by Craig Smith. 5:40 of 1st period - Icing by Luke Kunin. 5:41 of 1st period - Nick Suzuki wins face-off versus Phillip Danault in NORTH DAKOTA HAWKS zone. 5:56 of 1st period - Dougie Hamilton is hit by Nathan Beaulieu and loses puck. 6:29 of 1st period - Shot by Frank Vatrano. 6:29 of 1st period - Stopped by James Reimer without a rebound. 6:30 of 1st period - Nathan MacKinnon wins face-off versus Nick Suzuki in ANCHORAGE ACES zone. 6:37 of 1st period - Shot by Chris Kreider. 6:37 of 1st period - Stopped by Henrik Lundqvist without a rebound. 6:38 of 1st period - Luke Kunin wins face-off versus Nathan MacKinnon in NORTH DAKOTA HAWKS zone. 6:57 of 1st period - Shot by Nick Suzuki. 6:57 of 1st period - Stopped by James Reimer without a rebound. 6:58 of 1st period - Brandon Sutter wins face-off versus Connor McDavid in ANCHORAGE ACES zone. 7:26 of 1st period - Shot by Nikolaj Ehlers. 7:26 of 1st period - Stopped by Henrik Lundqvist without a rebound. 7:27 of 1st period - Nate Thompson wins face-off versus Cody Eakin in NORTH DAKOTA HAWKS zone. 7:49 of 1st period - Minor Penalty to Josh Brown for Holding. 7:50 of 1st period - Brandon Sutter wins face-off versus Nikolaj Ehlers in NORTH DAKOTA HAWKS zone. 8:03 of 1st period - Shot by Shea Weber. 8:03 of 1st period - Shot Misses the Net. 8:05 of 1st period - Shot by Nikolaj Ehlers. 8:05 of 1st period - Shot Blocked by Quinton Hughes. 9:31 of 1st period - Shot by Chris Kreider. 9:31 of 1st period - Goal by Chris Kreider - NORTH DAKOTA HAWKS : 0 - ANCHORAGE ACES : 1. 9:32 of 1st period - Phillip Danault wins face-off versus Alex Killorn in neutral zone. 9:55 of 1st period - Shot by Luke Kunin. 9:55 of 1st period - Stopped by James Reimer without a rebound. 9:56 of 1st period - Nic Dowd wins face-off versus Nate Thompson in ANCHORAGE ACES zone. 10:59 of 1st period - Chris Kreider is hit by Quinton Hughes and loses puck. 11:09 of 1st period - Nathan MacKinnon is hit by Dougie Hamilton and loses puck. 12:02 of 1st period - Shot by Connor McDavid. 12:02 of 1st period - Stopped by Henrik Lundqvist with a rebound. 12:04 of 1st period - Shot by Carl Gunnarsson. 12:04 of 1st period - Stopped by Henrik Lundqvist without a rebound. 12:05 of 1st period - Brandon Sutter wins face-off versus Phillip Danault in NORTH DAKOTA HAWKS zone. 12:05 of 1st period - Brandon Sutter is hit by Cal Clutterbuck. 12:08 of 1st period - Craig Smith is hit by Cal Clutterbuck and loses puck. 12:22 of 1st period - Off-side. 12:23 of 1st period - Nick Suzuki wins face-off versus Nate Thompson in neutral zone. 12:26 of 1st period - Curtis Lazar is hit by Luke Kunin. 13:02 of 1st period - Shot by Luke Kunin. 13:02 of 1st period - Goal by Luke Kunin - NORTH DAKOTA HAWKS : 1 - ANCHORAGE ACES : 1. 13:03 of 1st period - Connor McDavid wins face-off versus Brandon Sutter in neutral zone. 13:05 of 1st period - Nikolaj Ehlers is hit by Craig Smith and loses puck. 13:30 of 1st period - Shot by Craig Smith. 13:30 of 1st period - Stopped by James Reimer without a rebound. 13:31 of 1st period - Nathan MacKinnon wins face-off versus Cody Eakin in ANCHORAGE ACES zone. 13:52 of 1st period - Shot by Chris Kreider. 13:52 of 1st period - Stopped by Henrik Lundqvist without a rebound. 13:53 of 1st period - Nick Suzuki wins face-off versus Nikolaj Ehlers in NORTH DAKOTA HAWKS zone. 14:02 of 1st period - Shot by Connor McDavid. 14:02 of 1st period - Stopped by Henrik Lundqvist without a rebound. 14:03 of 1st period - Phillip Danault wins face-off versus Brandon Sutter in NORTH DAKOTA HAWKS zone. 14:04 of 1st period - Shot by Cal Clutterbuck. 14:04 of 1st period - Stopped by Henrik Lundqvist with a rebound. 14:06 of 1st period - Shot by Jacob de la Rose. 14:06 of 1st period - Goal by Jacob de la Rose - NORTH DAKOTA HAWKS : 1 - ANCHORAGE ACES : 2. 14:07 of 1st period - Nick Suzuki wins face-off versus Connor McDavid in neutral zone. 14:22 of 1st period - Shot by Luke Kunin. 14:22 of 1st period - Stopped by James Reimer with a rebound. 14:45 of 1st period - Minor Penalty to Alex Killorn for Hooking. 14:46 of 1st period - Ryan Carpenter wins face-off versus Nathan MacKinnon in NORTH DAKOTA HAWKS zone. 14:59 of 1st period - Shot by Nathan MacKinnon. 14:59 of 1st period - Stopped by Henrik Lundqvist without a rebound. 15:00 of 1st period - Frank Vatrano wins face-off versus Connor McDavid in NORTH DAKOTA HAWKS zone. 15:52 of 1st period - Off-side. 15:53 of 1st period - Brandon Sutter wins face-off versus Nathan MacKinnon in neutral zone. 16:26 of 1st period - Shot by Nathan MacKinnon. 16:26 of 1st period - Shot Blocked by Ryan Lindgren. 16:28 of 1st period - Shot by Jakob Silfverberg. 16:28 of 1st period - Shot Blocked by Ryan Lindgren. 16:30 of 1st period - Shot by Ben Chiarot. 16:30 of 1st period - Shot Misses the Net. 16:34 of 1st period - Shot by Jakob Silfverberg. 16:34 of 1st period - Shot Misses the Net. 16:36 of 1st period - Shot by Jakob Silfverberg. 16:36 of 1st period - Shot Hit the Post. 16:38 of 1st period - Shot by Seth Jones. 16:38 of 1st period - Goal by Seth Jones - NORTH DAKOTA HAWKS : 1 - ANCHORAGE ACES : 3. 16:39 of 1st period - Cody Eakin wins face-off versus Phillip Danault in neutral zone. 17:25 of 1st period - Icing by Ryan Carpenter. 17:26 of 1st period - Cody Eakin wins face-off versus Nathan MacKinnon in NORTH DAKOTA HAWKS zone. 18:09 of 1st period - Dougie Hamilton is hit by Chris Kreider and loses puck. 18:13 of 1st period - Icing by Dougie Hamilton. 18:14 of 1st period - Nick Suzuki wins face-off versus Nikolaj Ehlers in NORTH DAKOTA HAWKS zone. 19:00 of 1st period - Shot by Connor McDavid. 19:00 of 1st period - Shot Misses the Net. Goals for this period are 1 for NORTH DAKOTA HAWKS vs 3 for ANCHORAGE ACES. Shots for this period are 9 for NORTH DAKOTA HAWKS vs 11 for ANCHORAGE ACES. 2nd period 0:01 of 2nd period - Nathan MacKinnon wins face-off versus Nic Dowd in neutral zone. 0:16 of 2nd period - Shot by Nathan MacKinnon. 0:16 of 2nd period - Shot Misses the Net. 0:30 of 2nd period - Shot by Nathan MacKinnon. 0:30 of 2nd period - Shot Misses the Net. 0:32 of 2nd period - Shot by Chris Kreider. 0:32 of 2nd period - Shot Misses the Net. 0:34 of 2nd period - Shot by Seth Jones. 0:34 of 2nd period - Shot Misses the Net. 0:36 of 2nd period - Shot by Jakob Silfverberg. 0:36 of 2nd period - Shot Misses the Net. 1:06 of 2nd period - Shot by Connor McDavid. 1:06 of 2nd period - Shot Misses the Net. 1:14 of 2nd period - Shot by Connor McDavid. 1:14 of 2nd period - Shot Misses the Net. 1:36 of 2nd period - Shot by Connor McDavid. 1:36 of 2nd period - Shot Misses the Net. 1:38 of 2nd period - Shot by Shea Weber. 1:38 of 2nd period - Stopped by Henrik Lundqvist with a rebound. 2:22 of 2nd period - Shot by Cal Clutterbuck. 2:22 of 2nd period - Shot Misses the Net. 2:34 of 2nd period - Shot by Curtis Lazar. 2:34 of 2nd period - Shot Blocked by Marc Staal. 3:02 of 2nd period - Icing by Seth Jones. 3:03 of 2nd period - Nate Thompson wins face-off versus Nick Suzuki in ANCHORAGE ACES zone. 3:03 of 2nd period - Nate Thompson is hit by Alex Killorn. 3:33 of 2nd period - Shea Weber is hit by Luke Kunin and loses puck. 3:52 of 2nd period - Jakob Silfverberg is hit by Nick Suzuki and loses puck. 4:03 of 2nd period - Shot by Nathan MacKinnon. 4:03 of 2nd period - Stopped by Henrik Lundqvist with a rebound. 4:05 of 2nd period - Shot by Jakob Silfverberg. 4:05 of 2nd period - Stopped by Henrik Lundqvist without a rebound. 4:06 of 2nd period - Connor McDavid wins face-off versus Brandon Sutter in NORTH DAKOTA HAWKS zone. 5:45 of 2nd period - Minor Penalty to Ryan Carpenter for Hooking. 5:46 of 2nd period - Jakob Silfverberg wins face-off versus Brandon Sutter in NORTH DAKOTA HAWKS zone. 7:58 of 2nd period - Ryan Lindgren is hit by Curtis Lazar and loses puck. 8:05 of 2nd period - Shot by Michael Frolik. 8:05 of 2nd period - Shot Blocked by Martin Marincin. 8:21 of 2nd period - Shot by Curtis Lazar. 8:21 of 2nd period - Shot Misses the Net. 8:39 of 2nd period - Michael Frolik is hit by Frank Vatrano and loses puck. 8:47 of 2nd period - Icing by Nate Thompson. 8:48 of 2nd period - Brandon Sutter wins face-off versus Nate Thompson in ANCHORAGE ACES zone. 10:04 of 2nd period - Nick Suzuki is hit by Ben Chiarot and loses puck. 10:13 of 2nd period - Shot by Alex Killorn. 10:13 of 2nd period - Shot Misses the Net. 10:15 of 2nd period - Shot by Martin Marincin. 10:15 of 2nd period - Stopped by James Reimer with a rebound. 10:17 of 2nd period - Shot by Alex Killorn. 10:17 of 2nd period - Goal by Alex Killorn - NORTH DAKOTA HAWKS : 2 - ANCHORAGE ACES : 3. 10:18 of 2nd period - Cody Eakin wins face-off versus Nathan MacKinnon in neutral zone. 10:27 of 2nd period - Icing by Shea Weber. 10:28 of 2nd period - Cody Eakin wins face-off versus Nathan MacKinnon in ANCHORAGE ACES zone. 10:45 of 2nd period - Shot by Chris Kreider. 10:45 of 2nd period - Stopped by Henrik Lundqvist without a rebound. 10:46 of 2nd period - Phillip Danault wins face-off versus Nick Suzuki in NORTH DAKOTA HAWKS zone. 10:57 of 2nd period - Off-side. 10:58 of 2nd period - Nathan MacKinnon wins face-off versus Jack Hughes in neutral zone. 11:28 of 2nd period - Jack Hughes is hit by Shea Weber and loses puck. 11:37 of 2nd period - Shot by Chris Kreider. 11:37 of 2nd period - Deflect By Nathan MacKinnon. 11:37 of 2nd period - Shot Misses the Net. 11:39 of 2nd period - Shot by Jakob Silfverberg. 11:39 of 2nd period - Stopped by Henrik Lundqvist without a rebound. 11:40 of 2nd period - Nick Suzuki wins face-off versus Phillip Danault in NORTH DAKOTA HAWKS zone. 11:58 of 2nd period - Luke Kunin is hit by Ben Chiarot and loses puck. 12:05 of 2nd period - Shot by Luke Kunin. 12:05 of 2nd period - Stopped by James Reimer without a rebound. 12:06 of 2nd period - Connor McDavid wins face-off versus Nic Dowd in ANCHORAGE ACES zone. 12:06 of 2nd period - Nikolaj Ehlers is hit by Nic Dowd and loses puck. 12:22 of 2nd period - Connor McDavid is hit by Zack Kassian and loses puck. 13:13 of 2nd period - Shot by Alex Killorn. 13:13 of 2nd period - Shot Blocked by Nikolaj Ehlers. 13:15 of 2nd period - Shot by Josh Brown. 13:15 of 2nd period - Stopped by James Reimer without a rebound. 13:16 of 2nd period - Brandon Sutter wins face-off versus Nathan MacKinnon in ANCHORAGE ACES zone. 13:17 of 2nd period - Shot by Dougie Hamilton. 13:17 of 2nd period - Shot Misses the Net. 13:24 of 2nd period - Minor Penalty to Dougie Hamilton for Elbowing. 13:25 of 2nd period - Brandon Sutter wins face-off versus Nathan MacKinnon in NORTH DAKOTA HAWKS zone. 13:25 of 2nd period - Brandon Sutter is hit by Shea Weber. 13:40 of 2nd period - Shot by Nathan MacKinnon. 13:40 of 2nd period - Shot Blocked by Marc Staal. 13:42 of 2nd period - Shot by Jakob Silfverberg. 13:42 of 2nd period - Stopped by Henrik Lundqvist without a rebound. 13:43 of 2nd period - Connor McDavid wins face-off versus Ryan Carpenter in NORTH DAKOTA HAWKS zone. 14:04 of 2nd period - Shot by Connor McDavid. 14:04 of 2nd period - Stopped by Henrik Lundqvist without a rebound. 14:05 of 2nd period - Brandon Sutter wins face-off versus Nathan MacKinnon in NORTH DAKOTA HAWKS zone. 14:14 of 2nd period - Shot by Nathan MacKinnon. 14:14 of 2nd period - Deflect By Jakob Silfverberg. 14:14 of 2nd period - Stopped by Henrik Lundqvist with a rebound. 14:2